 Dungeon Crawl Stone Soup version 0.18.1-50-g88ac8fd (webtiles) character file.

2954 Peloso the Blocker (level 9, -8/80 HPs)
             Began as a Minotaur Fighter on Sept 24, 2016.
             Was a Priest of Okawaru.
             Killed from afar by a deep elf mage (24 damage)
             ... with a bolt of lightning
             ... on level 8 of the Dungeon.
             The game lasted 00:17:18 (6142 turns).

Peloso the Blocker (Minotaur Fighter)               Turns: 6142, Time: 00:17:18

Health: -8/80      AC: 14    Str: 22    XL:     9   Next: 52%
Magic:  7/8        EV:  7    Int:  5    God:    Okawaru [***...]
Gold:   398        SH: 12    Dex: 12    Spells: 0 memorised, 8 levels left

rFire  . . .     SeeInvis +     a - +1 long sword
rCold  . . .     Gourm    .     r - +1 plate armour
rNeg   . . .     Faith    .     c - +0 shield
rPois  .         Spirit   .     (helmet restricted)
rElec  .         Dismiss  .     (no cloak)
rCorr  .         Reflect  .     (no gloves)
SustAt .         Harm     .     (no boots)
MR     .....     Rnd*Tele +     (no amulet)
Stlth  ..........               v - ring of teleportation (curse)
                                n - ring of see invisible

@: not resistant to hostile enchantments, extremely unstealthy
A: retaliatory headbutt, horns 2
a: Heroism, Renounce Religion


You were on level 8 of the Dungeon.
You worshipped Okawaru.
Okawaru was most pleased with you.
You were not hungry.

You visited 2 branches of the dungeon, and saw 10 of its levels.

You collected 398 gold pieces.

Inventory:

Hand Weapons
 a - a +1 long sword (weapon)
Armour
 b - a +0 scale mail
 c - a +0 shield (worn)
 r - a +1 plate armour (worn)
Jewellery
 h - an uncursed ring of poison resistance
 n - a ring of see invisible (left hand)
 q - an uncursed ring of fire
 v - a cursed ring of teleportation (right hand)
Wands
 m - a wand of iceblast (2/15)
Scrolls
 e - 6 scrolls of remove curse
 i - 7 scrolls of identify
 o - a scroll of blinking
Potions
 d - 2 potions of might
 g - a potion of ambrosia
 j - 3 potions of heal wounds
 k - 2 potions of haste
 l - 3 potions of curing
 p - a potion of cure mutation {unknown}
 t - a potion of beneficial mutation {unknown}
 w - 2 potions of brilliance {unknown}
Books
 x - a Necronomicon

   Spells                             Type                      Level
   a - Haunt                          Necromancy/Summoning         7
   b - Borgnjor's Revivification      Necromancy                   8
   c - Death's Door                   Charms/Necromancy            8
   d - Necromutation                  Transmutation/Necromancy     8
Comestibles
 f - 5 bread rations
 s - a royal jelly
 u - 2 meat rations


   Skills:
 + Level 7.7 Fighting
 + Level 7.8 Long Blades
 + Level 8.2 Armour
 + Level 3.7 Dodging
 + Level 0.3 Stealth
 + Level 9.3 Shields
 + Level 0.6 Invocations
 + Level 0.5 Evocations


You had 8 spell levels left.
You didn't know any spells.

Dungeon Overview and Level Annotations

Branches:
Dungeon (9/15)             Temple (1/1) D:5
   Lair: D:8-11         Orc: D:9-12

Altars:
Cheibriados
Dithmenos
Elyvilon
Kikubaaqudgha
Makhleb
Nemelex Xobeh
Okawaru
Pakellas
Qazlal
Sif Muna
Trog
Yredelemnul
Zin

Annotations:
D:3 UranusSolar's ghost, amateur HEWz
D:9 Nordron's ghost, journeyman GrFE


Innate Abilities, Weirdness & Mutations

You reflexively headbutt those who attack you in melee.
You have a pair of horns on your head.


Message History

You climb upwards.
There is a stone staircase leading down here.
Your shield and plate armour prevent you from hitting the deep elf mage.
The deep elf mage is heavily wounded.
The deep elf mage hits you with a short sword.
You closely miss the deep elf mage. You headbutt the deep elf mage.
The deep elf mage is heavily wounded.
The deep elf mage mumbles some strange words.
The deep elf mage blinks!
The deep elf mage points at you and mumbles some strange words.
The bolt of lightning hits you!
* * * LOW HITPOINT WARNING * * *
The deep elf mage casts a spell.
The deep elf mage blinks!
The deep elf mage hits you but does no damage.
You hit the deep elf mage.
The deep elf mage is heavily wounded.
The deep elf mage gestures at you while chanting.
The bolt of lightning hits you!
You die...

#..........#
#<.........#
#..........######
#...............#
##..............#
##.....##......#
###########...#
#...################
##.@..>.............
##e..(......##.....
##################


You could see a deep elf mage.

Vanquished Creatures
  A two-headed ogre (D:8)
  The ghost of Nordron the Changer, an amateur OpTm (D:5)
  2 hungry ghosts
  A water moccasin (D:7)
  An ice beast (D:5)
  A sky beast (D:6)
  3 ogres
  A phantom (D:5)
  5 centaurs
  A big kobold (D:7)
  2 giant frogs (D:7)
  A scorpion (D:5)
  A wight (D:7)
  A howler monkey (D:4)
  2 crimson imps
  A centaur zombie (D:8)
  A giant frog zombie (D:5)
  2 orc priests
  2 hounds
  3 orc wizards
  3 human zombies (D:7)
  An iguana (D:5)
  A human skeleton (D:7)
  6 worker ants
  A hound skeleton (D:5)
  5 mummies (D:7)
  A howler monkey skeleton (D:7)
  12 adders
  4 shadow imps
  2 oozes
  An adder skeleton (D:7)
  A worm (D:2)
  A giant gecko (D:1)
  14 orcs
  A ball python (D:3)
  6 giant cockroaches
  5 goblins
  10 hobgoblins
  7 jackals
  A quokka (D:4)
  7 bats
  2 giant gecko skeletons
  6 giant newts
  A jackal skeleton (D:6)
  9 kobolds
  An orc skeleton (D:7)
  An orc zombie (D:7)
  12 rats
155 creatures vanquished.

Notes
Turn   | Place    | Note
--------------------------------------------------------------
     0 | D:1      | Peloso the Minotaur Fighter began the quest for the Orb.
     0 | D:1      | Reached XP level 1. HP: 19/19 MP: 0/0
   205 | D:1      | Reached XP level 2. HP: 16/27 MP: 1/1
   377 | D:1      | Reached skill level 4 in Shields
   520 | D:1      | Reached XP level 3. HP: 33/33 MP: 2/2
   885 | D:2      | Reached skill level 1 in Dodging
  1000 | D:2      | Reached XP level 4. HP: 18/41 MP: 3/3
  1461 | D:3      | Found a glowing silver altar of Zin.
  1531 | D:3      | Noticed UranusSolar's ghost (amateur HEWz)
  1669 | D:3      | Reached XP level 5. HP: 29/47 MP: 4/4
  2449 | D:4      | Reached skill level 5 in Shields
  2835 | D:4      | Reached XP level 6. HP: 53/53 MP: 5/5
  3185 | D:5      | Entered Level 5 of the Dungeon
  3245 | D:5      | Found a staircase to the Ecumenical Temple.
  3253 | Temple   | Entered the Ecumenical Temple
  3257 | Temple   | Became a worshipper of Warmaster Okawaru
  3343 | D:5      | Noticed an ice beast
  3352 | D:5      | Killed an ice beast
  3352 | D:5      | Reached skill level 5 in Fighting
  3372 | D:5      | Reached * piety under Okawaru
  3372 | D:5      | Reached skill level 5 in Armour
  3372 | D:5      | Reached XP level 7. HP: 37/61 MP: 6/6
  3429 | D:5      | Noticed Nordron's ghost (amateur OpTm)
  3445 | D:5      | Killed Nordron's ghost
  3445 | D:5      | Reached skill level 5 in Long Blades
  3445 | D:5      | Reached skill level 6 in Shields
  3567 | D:5      | Found an ancient bone altar of Kikubaaqudgha.
  3580 | D:5      | Found a white marble altar of Elyvilon.
  3880 | D:5      | Found a shadowy altar of Dithmenos.
  3970 | D:6      | Reached ** piety under Okawaru
  3970 | D:6      | Reached XP level 8. HP: 62/70 MP: 7/7
  3982 | D:6      | Reached skill level 7 in Shields
  3986 | D:6      | Found a shadowy altar of Dithmenos.
  4604 | D:7      | Reached skill level 8 in Shields
  4681 | D:7      | Reached *** piety under Okawaru
  4704 | D:7      | Reached XP level 9. HP: 33/79 MP: 8/8
  4708 | D:7      | Found a deep blue altar of Sif Muna.
  4851 | D:7      | Found a stormy altar of Qazlal.
  5273 | D:7      | Found a basalt altar of Yredelemnul.
  5483 | D:8      | Reached skill level 9 in Shields
  5532 | D:8      | Found a burning altar of Makhleb.
  5537 | D:8      | Found a bloodstained altar of Trog.
  5887 | D:9      | Noticed a deep elf mage
  5888 | D:9      | Noticed Nordron's ghost (journeyman GrFE)
  6142 | D:8      | Killed from afar by a deep elf mage

Skill      XL: |  1  2  3  4  5  6  7  8  9 |
---------------+----------------------------+-----
Fighting       | 4 5 6 7 |  7.7
Shields        | 4 5 6 8 9 |  9.3
Armour         | 4 5 6 7 8 |  8.2
Dodging        | 1 2 3 |  3.7
Long Blades    | 3 4 5 7 |  7.8
Stealth        | |  0.3
Invocations    | |  0.6
Evocations     | |  0.5

Action                   |  1- 3 |  4- 6 |  7- 9 || total
-------------------------+-------+-------+-------++-------
Melee: Long sword        |   107 |   161 |   291 ||   559
       Headbutt          |     9 |    25 |    51 ||    85
Invok: Heroism           |       |       |     4 ||     4
Evoke: Wand              |       |       |     4 ||     4
  Use: Potion            |     2 |       |     1 ||     3
       Scroll            |       |     5 |     8 ||    13
  Eat: Chunk             |       |     6 |    10 ||    16
       Pizza             |       |     1 |       ||     1
       Royal jelly       |       |       |     1 ||     1
       Beef jerky        |       |       |     1 ||     1
Armor: Scale mail        |    52 |    30 |       ||    82
       Skin              |     3 |       |       ||     3
       Plate armour      |       |    49 |   110 ||   159
Dodge: Dodged            |    25 |    51 |    66 ||   142
Block: Shield            |    57 |   100 |   152 ||   309
